 Dungeon Sprint DCSS version 0.17.1-3-g152610e (webtiles) character file.

997 Symetrie the Slicer (level 8, -1/36 HPs)
             Began as a Vine Stalker Enchanter on Mar 17, 2016.
             Was an Initiate of Dithmenos.
             Slain by a demonic crawler (8 damage)
             ... in the Dungeon (Sprint I: "Red Sonja").
             The game lasted 00:04:30 (326 turns).

Symetrie the Slicer (Vine Stalker Enchanter)         Turns: 326, Time: 00:04:30

Health: -1/36      AC:  3    Str: 11    XL:     8   Next: 19%
Magic:  0/12       EV: 12    Int: 15    God:    Dithmenos [......]
Gold:   421        SH:  0    Dex: 17    Spells: 3 memorised, 5 levels left

rFire  . . .     SeeInvis .     a - +1 dagger
rCold  . . .     Clarity  .     b - +1 robe
rNeg   . . .     SustAt   .     (no shield)
rPois  .         Gourm    .     (no helmet)
rElec  .         Spirit   +     (no cloak)
rCorr  .         Warding  .     (no gloves)
rMut   .         NoTele   +     (no boots)
MR     +....                    (no amulet)
Stlth  +++++.....               (no ring)
                                (no ring)

@: somewhat resistant to hostile enchantments, quite stealthy
A: fangs 3, regeneration 2, magic shield, antimagic bite, no device heal 3, rot
immunity
a: Renounce Religion


You were in the Dungeon.
You worshipped Dithmenos.
Dithmenos was noncommittal.
You were not hungry.

You visited 1 branch You collected 421 gold pieces.

Inventory:

Hand Weapons
 a - a +1 dagger (weapon)
Armour
 b - a +1 robe (worn)
Scrolls
 j - a scroll of blinking
Potions
 e - a potion of curing
 f - a potion of heal wounds
 g - a potion of haste
 h - 2 potions of magic
 i - a potion of berserk rage
Books
 c - a book of Maledictions

   Spells                             Type                      Level
   a - Corona                         Hexes                        1
   b - Ensorcelled Hibernation        Hexes/Ice                    2
   c - Confuse                        Hexes                        3
   d - Tukima's Dance                 Hexes                        3
   e - Dazzling Spray                 Conjuration/Hexes            3
Comestibles
 d - a bread ration
 k - 4 chunks of flesh


   Skills:
 * Level 11.3 Short Blades
 - Level 1.5 Dodging
 * Level 9.9 Stealth
 - Level 2.1 Spellcasting
 * Level 10.5 Hexes


You had 5 spell levels left.
You knew the following spells:

 Your Spells              Type           Power        Failure   Level  Hunger
a - Corona                Hex            ####...      1%          1    #......
b - Tukima's Dance        Hex            ####....     1%          3    ###....
c - Ensorcelled Hibernat  Hex/Ice        ###...       4%          2    ###....


Dungeon Overview and Level Annotations

Branches:
Dungeon (1/1)

Altars:
Cheibriados
Dithmenos
Fedhas
Sif Muna
Vehumet
Jiyva


Innate Abilities, Weirdness & Mutations

You have razor-sharp teeth.
You heal very quickly.
When hurt, damage is shared between your health and your magic reserves.
Your bite disrupts and absorbs the magic of your enemies.
Potions and wands cannot restore your health.
You are immune to rotting.


Message History

You hit the demonic crawler.
The demonic crawler is lightly wounded.
The demonic crawler hits you! The demonic crawler hits you.
The demonic crawler hits you.
You hit the demonic crawler but do no damage.
The demonic crawler is lightly wounded.
You hit the demonic crawler.
The demonic crawler is lightly wounded.
The demonic crawler closely misses you. The demonic crawler hits you!
The demonic crawler hits you but does no damage.
Casting: Tukima's Dance
Confirm with . or Enter, or press ? or * to list all spells.
Aiming: Tukima's Dance
Press: ? - help, Shift-Dir - straight line, f - demonic crawler
Aim: a demonic crawler (lightly wounded, clinging, chance to defeat MR: 24%)
The demonic crawler resists with almost no effort.
The demonic crawler hits you!
* * * LOW HITPOINT WARNING * * *
The demonic crawler hits you!
You die...

##################
.#.)'..#__#..')..#
.'..#..'..'..#).@#
'#####'#__####...sss#
.#...#.#### #####s.+
##..##(# +## ##'#..+
+..._# #_.#+# ##+#


You could see 4 demonic crawlers.

Vanquished Creatures
  2 kobold demonologists (D)
  A slime creature (D)
  Sigmund (D)
  An ogre (D)
  A jelly (D)
  Ijyb (D)
  A giant eyeball (D)
8 creatures vanquished.

Vanquished Creatures (others)
  A dancing weapon (D)
1 creature vanquished.

Grand Total: 9 creatures vanquished

Notes
Turn   | Place    | Note
--------------------------------------------------------------
     0 | D        | Symetrie the Vine Stalker Enchanter began the quest for the Orb.
     0 | D        | Reached XP level 1. HP: 9/9 MP: 4/4
     1 | D        | Noticed Ijyb
    23 | D        | Killed Ijyb
    23 | D        | Reached skill level 4 in Short Blades
    23 | D        | Reached XP level 2. HP: 13/13 MP: 4/6
    23 | D        | Reached XP level 3. HP: 16/16 MP: 4/7
    28 | D        | Learned a level 3 spell: Tukima's Dance
    29 | D        | Noticed an ogre
    38 | D        | Killed an ogre
    38 | D        | Reached skill level 7 in Short Blades
    38 | D        | Reached XP level 4. HP: 13/21 MP: 1/8
    38 | D        | Reached XP level 5. HP: 14/24 MP: 1/9
   108 | D        | Noticed Sigmund
   111 | D        | Killed Sigmund
   111 | D        | Reached skill level 9 in Short Blades
   111 | D        | Gained mutation: You heal very quickly. [Vine Stalker growth]
   111 | D        | Reached XP level 6. HP: 28/28 MP: 10/10
   127 | D        | Found a deep blue altar of Sif Muna.
   128 | D        | Noticed a jelly
   129 | D        | Found a radiant altar of Vehumet.
   133 | D        | Killed a jelly
   157 | D        | Found a snail-covered altar of Cheibriados.
   157 | D        | Found a viscous altar of Jiyva.
   157 | D        | Found a shadowy altar of Dithmenos.
   157 | D        | Found a blossoming altar of Fedhas.
   157 | D        | Noticed a slime creature
   163 | D        | Killed a slime creature
   163 | D        | Reached skill level 10 in Short Blades
   163 | D        | Reached XP level 7. HP: 12/32 MP: 6/11
   214 | D        | Noticed a kobold demonologist
   215 | D        | Noticed a kobold demonologist
   220 | D        | Noticed a neqoxec
   220 | D        | Paralysed by a giant eyeball for 4 turns
   224 | D        | Noticed a chaos spawn
   224 | D        | Noticed a rust devil
   235 | D        | Paralysed by a giant eyeball for 4 turns
   244 | D        | Paralysed by a giant eyeball for 3 turns
   246 | D        | Noticed a chaos spawn
   253 | D        | Noticed an orange demon
   253 | D        | Killed a kobold demonologist
   253 | D        | Reached skill level 10 in Hexes
   299 | D        | Noticed a blue devil
   301 | D        | Killed a kobold demonologist
   301 | D        | Reached skill level 11 in Short Blades
   301 | D        | Gained mutation: You have razor-sharp teeth. [Vine Stalker growth]
   301 | D        | Reached XP level 8. HP: 23/36 MP: 12/12
   305 | D        | Learned a level 2 spell: Ensorcelled Hibernation
   314 | D        | Became a worshipper of Dithmenos the Shadowed
   322 | D        | Noticed a demonic crawler
   322 | D        | Noticed a demonic crawler
   322 | D        | Noticed a demonic crawler
   322 | D        | Noticed a demonic crawler
   326 | D        | Slain by a demonic crawler

Action                   |  1- 3 |  4- 6 |  7- 9 || total
-------------------------+-------+-------+-------++-------
Melee: Dagger            |    22 |     6 |    78 ||   106
 Cast: Tukima's Dance    |     1 |       |     1 ||     2
 Stab: Sleeping          |     2 |     3 |       ||     5
